 Dungeon Crawl Stone Soup version 0.19-a0-981-gaae9137 (webtiles) character file.

14 Ijustatesigmund the Skirmisher (level 2, -3/24 HPs)
             Began as a Demonspawn Berserker on July 14, 2016.
             Was a Follower of Trog.
             Slain by a hobgoblin
             ... wielding a +0 club
              (7 damage)
             ... on level 1 of the Dungeon.
             The game lasted 00:01:01 (467 turns).

Ijustatesigmund the Skirmisher (DsBe)                Turns: 467, Time: 00:01:02

Health: -3/24      AC:  2    Str: 17    XL:     2   Next: 31%
Magic:  2/2        EV: 12    Int:  8    God:    Trog [*.....]
Gold:   36         SH:  0    Dex: 12    Spells: 0 memorised, 1 level left

rFire  . . .     SeeInvis .     a - +0 hand axe
rCold  . . .     Gourm    .     b - +0 animal skin
rNeg   . . .     Faith    .     (no shield)
rPois  .         Spirit   .     (no helmet)
rElec  .         Dismiss  .     (no cloak)
rCorr  .         Reflect  .     (no gloves)
SustAt .         Harm     .     (no boots)
MR     .....                    (no amulet)
Stlth  +.........               (no ring)
                                (no ring)

@: exhausted, slowed, very slow, not resistant to hostile enchantments, very
unstealthy
A: powered by death 1
a: Berserk, Burn Spellbooks, Renounce Religion


You were on level 1 of the Dungeon.
You worshipped Trog.
Trog was aware of your devotion.
You were hungry.

You visited 1 branch of the dungeon, and saw 1 of its levels.

You collected 36 gold pieces.

Inventory:

Hand Weapons
 a - a +0 hand axe (weapon)
Armour
 b - a +0 animal skin (worn)
Jewellery
 g - an uncursed ring of see invisible {unknown}
Potions
 e - a potion of haste {unknown}
 f - a potion of heal wounds {unknown}
 i - a potion of degeneration {unknown}
Comestibles
 c - a bread ration
 d - a slice of pizza
 h - a beef jerky
 j - a chunk of flesh


   Skills:
 + Level 3.2 Fighting
 + Level 2.9 Axes
 + Level 2.0 Armour
 + Level 2.0 Dodging


You had one spell level left.
You didn't know any spells.

Dungeon Overview and Level Annotations

Branches:
Dungeon (1/15)

Altars:


Innate Abilities, Weirdness & Mutations

You regenerate a little health from kills.


Message History

* * * LOW HITPOINT WARNING * * *
You are too injured to fight recklessly!
You are too injured to fight recklessly!
You are too injured to fight recklessly!
You are too injured to fight recklessly!
A red film seems to cover your vision as you go berserk!
You feel yourself moving faster!
You feel mighty!
You feel somewhat more hungry. The hobgoblin hits you with a club.
* * * LOW HITPOINT WARNING * * *
You feel a strong urge to attack something.
You see here a dart slug corpse.
You feel your anger subside.
You are no longer berserk.
You are exhausted.
You feel yourself slow down.
You are feeling hungry.
You hit the hobgoblin but do no damage.
The hobgoblin is moderately wounded.
The hobgoblin hits you with a club!
You die...

#........#..#[.#≈## ##≈...
##.#.###.###.###.≈♣≈#####≈.≈##
..###.....##..#.≈♣⌠♣≈≈≈≈≈.⌠P≈.
#.#..##..###....≈♣.......P≈..
####.#?##...###....≈...<...≈...
................#.≈♣.......♣≈.#
≈≈.≈≈≈≈≈.≈≈≈≈≈..#≈♣⌠♣≈≈≈≈≈♣⌠♣≈.
#≈.≈###≈.≈###≈..##≈♣≈#####≈♣≈..
#≈. #≈.≈# #≈@.###≈## ##≈###
#≈.≈###≈.≈###≈g.# ### ###
≈.≈≈≈≈≈.≈≈≈≈≈r.#
....)..........######
≈.≈≈≈≈≈.≈≈≈≈≈†.......
≈.≈###≈.≈###≈..###### ≈.≈ #≈.≈#
#≈..# ≈. #≈.≈# #≈.##
≈≈≈.≈≈≈≈≈.#


You could see a hobgoblin and a rat.

Vanquished Creatures
  A dart slug (D:1)
  A giant gecko (D:1)
  2 goblins (D:1)
  4 hobgoblins (D:1)
  2 kobolds (D:1)
  2 toadstools (D:1)
12 creatures vanquished.

Vanquished Creatures (others)
  2 toadstools (D:1)
2 creatures vanquished.

Grand Total: 14 creatures vanquished

Notes
Turn   | Place    | Note
-------+----------+-------------------------------------------
     0 | D:1      | Ijustatesigmund the Demonspawn Berserker began the quest for the Orb.
     0 | D:1      | Reached XP level 1. HP: 18/18 MP: 1/1
   240 | D:1      | Gained mutation: You regenerate a little health from kills. [demonic ancestry]
   240 | D:1      | Reached XP level 2. HP: 14/24 MP: 2/2
   467 | D:1      | Slain by a hobgoblin

Vault maps used:
D:1:      ldierk_water_garden, kennysheep_boxes

Skill      XL: |  1  2 |
---------------+-------+-----
Armour         | 2 |  2.0
Dodging        | 2 |  2.0
Fighting       | |  3.2
Axes           | |  2.9

Action                   || total
-------------------------++-------
Melee: Hand axe          ||    38
Invok: Berserk           ||     2
Armor: Animal skin       ||     2
Dodge: Dodged            ||    18
